 Dungeon Crawl Stone Soup version 0.27-a0-1066-g29160eaed2 (webtiles) character file.

Game seed: 18118254988227349526

148 LordDeathwing the Covered (level 5, -4/47 HPs)
             Began as a Minotaur Fighter on Apr 24, 2021.
             Was an Initiate of Gozag.
             Slain by an ogre
             ... wielding a +0 giant club
              (19 damage)
             ... on level 3 of the Dungeon.
             The game lasted 00:10:13 (2540 turns).

LordDeathwing the Covered (Minotaur Fighter)        Turns: 2540, Time: 00:10:17

Health: -4/47      AC: 12    Str: 22    XL:     5   Next: 8%
Magic:  4/4        EV:  4    Int:  5    God:    Gozag
Gold:   68         SH:  9    Dex:  9    Spells: 4/4 levels left

rFire    . . .     SeeInvis .   a - +0 trident
rCold    . . .     Faith    .   c - +0 kite shield
rNeg     . . .     Spirit   .   i - +0 plate armour
rPois    .         Reflect  .   (helmet restricted)
rElec    .         Harm     .   (no cloak)
rCorr    .         Rampage  .   (no gloves)
Will     .....                  (no boots)
Stlth    ..........             (no amulet)
HPRegen  0.15/turn              (no ring)
MPRegen  0.09/turn              (no ring)

@: no status effects
A: horns 2, retaliatory headbutt
a: Renounce Religion, Potion Petition, Call Merchant, Bribe Branch


You were on level 3 of the Dungeon.
You worshipped Gozag.
Gozag was noncommittal.
You visited 1 branch of the dungeon, and saw 4 of its levels.

You collected 157 gold pieces.
You spent 55 gold pieces at shops.
You paid 34 gold pieces to Gozag.

Inventory:

Hand Weapons
 a - a +0 trident (weapon)
Armour
 c - a +0 kite shield (worn)
 i - a +0 plate armour (worn)
Scrolls
 b - a scroll of fear {unknown}
 e - a scroll of blinking {unknown}
 f - 2 scrolls of immolation {unknown}
 k - 2 scrolls of magic mapping {unknown}
 m - 3 scrolls of identify {unknown}
Potions
 d - a potion of might
 g - a potion of attraction {unknown}
 h - a potion of curing {unknown}
 j - a potion of berserk rage {unknown}
 l - a potion of haste {unknown}


   Skills:
 + Level 4.4 Fighting
 * Level 4.4 Polearms
 * Level 5.0 Armour
 - Level 4.0 Shields


You had 4 spell levels left.
You didn't know any spells.
Your spell library was empty.

Dungeon Overview and Level Annotations

Branches:
Dungeon (4/15)
 Temple: D:4-7

Altars:
Gozag

Shops:
D:1 *


Innate Abilities, Weirdness & Mutations

You have a pair of horns on your head.
You reflexively headbutt those who attack you in melee.


Message History

A giant cockroach comes into view.
The orc shouts!
You reach to attack!
You puncture the ogre!
The ogre is moderately wounded.
You hit the ogre.
The ogre is heavily wounded.
The ogre hits you with a +0 giant club!
The giant cockroach bites you but does no damage.
Your plate armour prevents you from hitting the ogre.
Your headbutt misses the ogre.
The ogre is heavily wounded.
You block the giant cockroach's attack. The ogre hits you with a +0 giant club!
The giant cockroach barely misses you. The giant cockroach bites you.
There is an escape hatch in the ceiling here.
The giant cockroach bites you but does no damage.
You block the ogre's attack. A mysterious force pulls you upwards.
The hatch slams shut behind you.
You hit the ogre. You headbutt the ogre.
The ogre is heavily wounded.
The giant cockroach bites you but does no damage.
You block the ogre's attack.
The giant cockroach bites you but does no damage.
You puncture the ogre!
The ogre is almost dead.
The giant cockroach bites you but does no damage.
The ogre hits you with a +0 giant club!
* * * LOW HITPOINT WARNING * * *
Your shield and plate armour prevent you from hitting the ogre.
The ogre is almost dead.
The giant cockroach bites you but does no damage.
You block the ogre's attack.
The giant cockroach bites you but does no damage.
You barely miss the ogre.
You headbutt the ogre, but do no damage.
The ogre is almost dead.
You block the giant cockroach's attack.
The ogre hits you with a +0 giant club!!
You die...
Your body crumbles into a pile of gold.

####............# ###..#
######.......##..# ##.#
...####.....###..##### #.#
##.....#######.......# #.#
#####......##.......####.###
######..........#......#
####..............#
#..............#
#.B@O...#......#
#########......# #......#
#......# #......# #......#
########


You could see an ogre and a giant cockroach.

Vanquished Creatures
  A water moccasin skeleton (D:4)
  An adder (D:2)
  2 worms (D:2)
  3 dart slugs
  An orc (D:3)
  5 ball pythons
  10 endoplasms
  2 giant cockroaches (D:1)
  7 goblins
  5 hobgoblins
  6 jackals (D:2)
  8 kobolds
  4 quokkas
  6 bats
  3 frilled lizards
  5 rats
69 creatures vanquished.

Vanquished Creatures (others)
  5 plants (D:4)
5 creatures vanquished.

Grand Total: 74 creatures vanquished

Notes
Turn   | Place    | Note
-------+----------+-------------------------------------------
     0 | D:1      | LordDeathwing the Minotaur Fighter began the quest for the
                  | Orb.
     0 | D:1      | Reached XP level 1. HP: 19/19 MP: 0/0
    13 | D:1      | Found Otheunn's General Store.
   110 | D:1      | Reached XP level 2. HP: 25/27 MP: 1/1
   473 | D:1      | Found a faded altar of an unknown god.
   489 | D:1      | Reached XP level 3. HP: 33/33 MP: 2/2
   535 | D:1      | Reached skill level 4 in Armour
   647 | D:1      | Bought a potion of heal wounds for 55 gold pieces
  1356 | D:2      | Reached XP level 4. HP: 40/40 MP: 3/3
  1994 | D:3      | Found an opulent altar of Gozag.
  2248 | D:3      | Became a worshipper of Gozag Ym Sagoz the Greedy
  2474 | D:4      | Reached skill level 5 in Armour
  2474 | D:4      | Reached XP level 5. HP: 45/47 MP: 4/4
  2525 | D:4      | Noticed an ogre
  2540 | D:3      | Slain by an ogre

Illustrated notes

Levels and vault maps discovered:
D:1:      ncdulo_lavacross, layout_rooms, serial_shops, shop,
          shapermc_ecumenical_altar_mp_vishouse
D:2:      layout_basic, serial_park_tiny_2, minmay_crystal_room,
          minmay_hexomino_u4
D:3:      layout_rooms, lemuel_coloured_pillars_altar,
          minmay_misc_feat_four_crosses
D:4:      layout_basic, pdpol_wu_jian_five_deadly_venoms,
          nicolae_overflow_hidden_temple, minmay_temple_entry_stoned_glass,
          chequers_big_river, palyth_stone_intersect

Skill      XL: |  1  2  3  4 |
---------------+-------------+-----
Polearms       | 3 4 |  4.4
Shields        | 4 |  4.0
Armour         | 4 5 |  5.0
Fighting       | 4 |  4.4

Action                   |  1- 3 |  4- 6 || total
-------------------------+-------+-------++-------
Melee: Trident           |   123 |    69 ||   192
       Headbutt          |    15 |    13 ||    28
  Use: Potion            |     1 |       ||     1
Armor: Scale mail        |    14 |       ||    14
       Plate armour      |    66 |    35 ||   101
Dodge: Dodged            |    25 |     8 ||    33
Block: Kite shield       |    84 |    27 ||   111

Table legend: (Time is in decaauts)
 A = Elapsed time spent in this place.
 B = Non-inter-level travel time spent in this place.
 C = Inter-level travel time spent in this place.
 D = Time resting spent in this place.
 E = Time spent auto-exploring this place.
 F = Levels seen in this place.
 G = Mean time per level.
                   A        B        C        D        E       F      G
               +--------+--------+--------+--------+--------+-----+--------+
         Total |   2610 |   2398 |    212 |    264 |   1543 |   4 |  652.5 |
       Dungeon |   2610 |   2398 |    212 |    264 |   1543 |   4 |  652.5 |
               +--------+--------+--------+--------+--------+-----+--------+

Top non-repeatable levels by time:
     D:1: 933 daAuts
     D:2: 779 daAuts
     D:3: 698 daAuts
     D:4: 198 daAuts
